 Dungeon Crawl Stone Soup version 0.25.0-26-g0c896c7088 (webtiles) character file.

Game seed: 8893466148327626292

1038 kithyx the Caller (level 8, -1/45 HPs)
             Began as a Vampire Summoner on June 30, 2020.
             Was an Initiate of Nemelex Xobeh.
             Killed by divine providence
             ... invoked by an orc priest
              (11 damage)
             ... on level 6 of the Dungeon.
             The game lasted 00:18:58 (5366 turns).

kithyx the Caller (Vampire Summoner)                Turns: 5366, Time: 00:18:58

Health: -1/45      AC:  4    Str: 13    XL:     8   Next: 4%
Magic:  9/12       EV: 14    Int: 26    God:    Nemelex Xobeh [......]
Gold:   79         SH:  0    Dex: 14    Spells: 4/13 levels left

rFire    . . .     SeeInvis +   u - +3 trident (flame)
rCold    + + .     Gourm    .   (no shield)
rNeg     + + +     Faith    .   a - +1 robe
rPois    ∞         Spirit   .   (no helmet)
rElec    .         Reflect  .   (no cloak)
rCorr    .         Harm     .   y - +0 pair of gloves
MR       .....                  (no boots)
Stlth    +++++.....             (no amulet)
HPRegen  0.00/turn              q - +6 ring of strength
MPRegen  0.13/turn              s - +6 ring of intelligence

@: very slightly contaminated, bloodless
A: no food, fangs 3, see invisible, unbreathing
a: Bat Form, Revivify, Draw Escape, Draw Destruction, Draw Summoning, Renounce
Religion


You were on level 6 of the Dungeon.
You worshipped Nemelex Xobeh.
Nemelex Xobeh was noncommittal.
You were bloodless.

You visited 1 branch of the dungeon, and saw 6 of its levels.

You collected 215 gold pieces.
You spent 136 gold pieces at shops.

Inventory:

Hand Weapons
 b - a +0 dagger
 c - a +0 club
 f - a +0 mace
 i - a +0 trident
 u - a +3 trident of flaming (weapon)
Missiles
 d - 7 curare-tipped darts (quivered)
 h - 5 boomerangs of dispersal
 o - 84 arrows
Armour
 a - a +1 robe (worn)
 y - a +0 pair of gloves (worn)
Jewellery
 k - an uncursed ring of stealth
 q - a +6 ring of strength (left hand)
 s - a +6 ring of intelligence (right hand)
 t - an uncursed ring of poison resistance
Wands
 w - a wand of paralysis (13)
Scrolls
 e - 4 scrolls of remove curse
 g - 2 scrolls of teleportation
 j - a scroll of enchant armour
 l - 3 scrolls of blinking
 n - 2 scrolls of fear
 p - a scroll of identify
Potions
 m - 2 potions of mutation {unknown}
 r - 2 potions of haste {unknown}
 v - 2 potions of might
 x - a potion of flight
 z - a potion of cancellation {unknown}
 A - a potion of curing {unknown}


   Skills:
 + Level 2.7 Fighting
 * Level 3.4 Polearms
 + Level 4.0 Dodging
 - Level 5.0 Stealth
 - Level 3.0 Spellcasting
 * Level 6.1 Summonings
 - Level 3.0 Air Magic
 + Level 1.5 Invocations


You had 4 spell levels left.
You knew the following spells:

 Your Spells              Type           Power        Failure   Level  Hunger
a - Call Imp              Summ           #####...     1%          2    N/A
b - Call Canine Familiar  Summ           #####...     2%          3    N/A
c - Summon Lightning Spi  Summ/Air       ####....     14%         4    N/A

Your spell library contained the following spells:

 Spells                   Type           Power        Failure   Level  Hunger
 Summon Small Mammal      Summ           ####         1%          1    N/A
 Summon Guardian Golem    Hex/Summ       ###.....     9%          3    N/A
 Summon Ice Beast         Ice/Summ       ###.....     26%         4    N/A

Dungeon Overview and Level Annotations

Branches:
Dungeon (6/15)
 Temple: D:4-7

Altars:
Ashenzari
Fedhas
Gozag
Kikubaaqudgha
Nemelex Xobeh
Okawaru
Trog
Wu Jian
Xom

Shops:
D:4 (

Annotations:
D:4 1 runed translucent door, IHuginn's ghost, novice FoFi


Innate Abilities, Weirdness & Mutations

You do not eat.
You do not regenerate when monsters are visible.
You are frail without blood (-20% HP).
You can heal yourself when you bite living creatures.
You are immune to poison.
You have razor-sharp teeth.
You have supernaturally acute eyesight. (SInv)
You can survive without breathing.


Message History

Attack whom?
Press: ? - help, Dir - move target cursor, f/p - iguana
Aim: an iguana (almost dead)
You could not reach far enough!
Your hound bites the iguana but does no damage.
The iguana misses your hound.
Your hound closely misses the iguana.
Attack whom?
Press: ? - help, Dir - move target cursor, f/p - iguana
Aim: an iguana (almost dead)
You could not reach far enough!
The iguana bites your hound.
Your hound bites the iguana.
Attack whom?
Press: ? - help, Dir - move target cursor, f/p - iguana
Aim: an iguana (almost dead)
You reach to attack!
You hit the iguana. You burn the iguana.
You kill the iguana!
The orc priest mumbles some strange prayers to Beogh against you.
Beogh smites you!
You die...
Your body disappears without a glow.

#.# #.# ## #.# #.#
..##.# #.# #.##.# #.#
#.##.# #.######
#.##.# #.##... ##.
### #.##.# #.##.####
.. ..#
##.##.#######....)...
.. #.#
#...@hS.o5......8....
#. #.#
#..##.##########)##..
#. #.# #..##.## #.# .
#.####.####..#...#
#5#
#....)...[..)....#
#S#
##.###.#####.#...#
#o.... #[# #.#
#.##### #..... #.#
#.#####.## #..... #.#
#.##.....# #..#..


You could see an orc priest, a quasit, an adder (drained) and a friendly hound
(summoned).

Vanquished Creatures
  Edmund (D:6)
  A water moccasin (D:6)
  A sky beast (D:5)
  A phantom (D:4)
  An ogre (D:5)
  A crimson imp (D:5)
  3 hounds
  An orc priest (D:3)
  An iguana (D:6)
  2 orc wizards (D:5)
  A worker ant (D:3)
  A hound skeleton (D:5)
  5 adders
  3 gnolls
  A shadow imp (D:5)
  An ooze (D:2)
  An adder zombie (D:5)
  A worm (D:3)
  2 dart slugs (D:1)
  3 leopard geckos
  11 orcs
  A ball python (D:1)
  3 giant cockroaches
  5 goblins
  5 hobgoblins
  A jackal (D:2)
  3 kobolds
  3 quokkas
  3 bats (D:1)
  A rat (D:2)
68 creatures vanquished.

Vanquished Creatures (collateral kills)
  2 ogres
  A centaur (D:5)
  A scorpion (D:5)
  5 gnolls
  An adder (D:3)
  3 worms
  A leopard gecko (D:1)
  7 orcs
  3 goblins
  A hobgoblin (D:3)
  A jackal (D:2)
  4 bats
  A frilled lizard (D:2)
  2 kobolds
  A rat (D:2)
34 creatures vanquished.

Grand Total: 102 creatures vanquished

Notes
Turn   | Place    | Note
-------+----------+-------------------------------------------
     0 | D:1      | kithyx the Vampire Summoner began the quest for the Orb.
     0 | D:1      | Reached XP level 1. HP: 13/13 MP: 3/3
   421 | D:1      | Reached XP level 2. HP: 20/20 MP: 5/5
   945 | D:1      | Learned a level 2 spell: Call Imp
  1080 | D:2      | Reached XP level 3. HP: 24/25 MP: 3/6
  1085 | D:2      | Learned a level 3 spell: Call Canine Familiar
  1304 | D:2      | Reached skill level 1 in Fighting
  1308 | D:2      | Reached XP level 4. HP: 16/32 MP: 4/7
  2072 | D:3      | Found an ornate altar of the Wu Jian Council.
  2072 | D:3      | Found a shimmering altar of Xom.
  2072 | D:3      | Found a shattered altar of Ashenzari.
  2378 | D:3      | Reached skill level 1 in Polearms
  2378 | D:3      | Reached XP level 5. HP: 10/29 MP: 1/8
  2855 | D:3      | Reached skill level 5 in Summonings
  2939 | D:3      | Learned a level 4 spell: Summon Lightning Spire
  3343 | D:4      | Found a runed translucent door.
  3348 | D:4      | Noticed IHuginn's ghost (novice FoFi)
  3381 | D:4      | Found Opihek's Antique Weapon Shoppe.
  3389 | D:4      | Bought a glowing trident for 136 gold pieces
  3408 | D:4      | Noticed a phantom
  3426 | D:4      | Killed a phantom
  3426 | D:4      | Reached XP level 6. HP: 7/35 MP: 4/10
  3696 | D:4      | Reached skill level 1 in Air Magic
  3705 | D:4      | Found an ancient bone altar of Kikubaaqudgha.
  4095 | D:4      | Found an iron altar of Okawaru.
  4201 | D:5      | Entered Level 5 of the Dungeon
  4316 | D:5      | Found a blossoming altar of Fedhas.
  4351 | D:5      | Found an iron altar of Okawaru.
  4384 | D:5      | Found a sparkling altar of Nemelex Xobeh.
  4389 | D:5      | Became a worshipper of Nemelex Xobeh the Trickster
  4403 | D:5      | Received a gift from Nemelex Xobeh
  4563 | D:5      | Reached XP level 7. HP: 33/40 MP: 11/11
  4643 | D:5      | Reached skill level 5 in Stealth
  4696 | D:5      | Found a bloodstained altar of Trog.
  4698 | D:5      | Found an opulent altar of Gozag.
  4720 | D:5      | Reached skill level 1 in Invocations
  5325 | D:6      | Noticed Edmund
  5358 | D:6      | Killed Edmund
  5358 | D:6      | Reached skill level 6 in Summonings
  5358 | D:6      | Reached XP level 8. HP: 10/45 MP: 0/12
  5366 | D:6      | Killed from afar by an orc priest

Illustrated notes

Levels and vault maps discovered:
D:1:      erik_arrival_triangle_large, layout_loops_corners
D:2:      layout_basic, chequers_arboretum
D:3:      layout_loops_ring, gammafunk_temple_overflow_claw, st_stairs_10,
          kennysheep_doodads
D:4:      layout_rooms, kennysheep_mini, serial_shops, shop,
          ebering_ghost_reflecting_pool, first_ration, interstate_on_off,
          okawaru_altar_gauntlet_db
D:5:      layout_loops_ring, nicolae_overflow_hidden_temple,
          chequers_temple_overflow_statue_of_worship,
          nemelex_xobeh_ov_fountains_minmay, fedhas_altar_fruit_tree
D:6:      layout_loops_ring, uniq_edmund, uniq_eustachio, uniq_maggie,
          uniq_sigmund, uniq_menkaure

Skill      XL: |  1  2  3  4  5  6  7 |
---------------+----------------------+-----
Fighting       | 1 2 |  2.7
Stealth        | 4 5 |  5.0
Polearms       | 1 2 3 |  3.4
Dodging        | 3 4 |  4.0
Summonings     | 5 6 |  6.1
Air Magic      | 1 3 |  3.0
Spellcasting   | 3 |  3.0
Invocations    | 1 |  1.5

Action                   |  1- 3 |  4- 6 |  7- 9 || total
-------------------------+-------+-------+-------++-------
Melee: Club              |     4 |       |       ||     4
       Unarmed           |     3 |       |       ||     3
       Mace              |    20 |       |       ||    20
       Dagger            |    18 |       |       ||    18
       Bite              |     5 |     8 |     2 ||    15
       Trident           |    19 |   157 |    42 ||   218
Throw: Dart              |     6 |       |       ||     6
 Cast: Summon Small Mamm |     9 |       |       ||     9
       Call Imp          |     1 |       |       ||     1
       Call Canine Famil |     3 |    17 |     6 ||    26
       Summon Lightning  |       |     1 |     3 ||     4
Invok: Draw Destruction  |       |     3 |     3 ||     6
 Abil: End Transformatio |       |     1 |       ||     1
       Bat Form          |       |     1 |       ||     1
       Exsanguinate      |       |     1 |       ||     1
  Use: Scroll            |     6 |     5 |       ||    11
       Potion            |       |     3 |       ||     3
 Stab: Sleeping          |     2 |     7 |     4 ||    13
       Distracted        |       |     2 |     1 ||     3
Armor: Robe              |    19 |    18 |     2 ||    39
Dodge: Dodged            |    56 |   103 |    19 ||   178
